 Dungeon Crawl Stone Soup version 0.29.0-13-gc9e81de378 (webtiles) character file.

Game seed: 4602967552025598621

89 apoch the Chopper (level 4, -1/39 HPs)
             Began as a Minotaur Fighter on Sept 9, 2022.
             Succumbed to an orc wizard's poison
             ... on level 3 of the Dungeon.
             The game lasted 00:02:27 (2092 turns).

apoch the Chopper (Minotaur Fighter)                Turns: 2092, Time: 00:02:28

Health: -1/39      AC:  9    Str: 22    XL:     4   Next: 31%
Magic:  3/3        EV:  7    Int:  5    God:
Gold:   83         SH:  4    Dex: 10    Spells: 3/3 levels left

rFire   . . .      SeeInvis .   a - +0 war axe
rCold   . . .      Faith    .   c - +0 buckler
rNeg    . . .      Spirit   .   s - +0 chain mail
rPois   .          Reflect  .   (helmet restricted)
rElec   .          Harm     .   (no cloak)
rCorr   .          Rampage  .   (no gloves)
Will    .....                   (no boots)
Stlth   ..........              (no amulet)
HPRegen 0.13/turn               (no ring)
MPRegen 0.08/turn               (no ring)

@: mighty, lethally poisoned (-1 -> -21)
A: horns 2, retaliatory headbutt
a: no special abilities


You were on level 3 of the Dungeon.
You visited 1 branch of the dungeon, and saw 3 of its levels.

You collected 83 gold pieces.

Inventory:

Hand Weapons
 a - a +0 war axe (weapon)
Missiles
 i - 6 poisoned darts
 u - 5 datura-tipped darts
Armour
 b - a +0 scale mail
 c - a +0 buckler (worn)
 s - a +0 chain mail (worn)
Wands
 r - a wand of polymorph (7)
Scrolls
 e - a scroll of noise {unknown}
 h - a scroll of enchant weapon {unknown}
 m - a scroll of teleportation {unknown}
 n - 3 scrolls of identify {unknown}
 o - 2 scrolls of magic mapping {unknown}
 q - a scroll of acquirement {unknown}
Potions
 f - a potion of flight {unknown}
 g - a potion of ambrosia {unknown}
 j - a potion of brilliance {unknown}
 k - 3 potions of heal wounds {unknown}
 l - a potion of attraction {unknown}
 p - a potion of mutation {unknown}
 t - a potion of curing {unknown}


   Skills:
 - Level 3.6 Fighting
 + Level 5.6 Axes
 - Level 3.6 Armour
 - Level 3.6 Shields


You had 3 spell levels left.
You didn't know any spells.
Your spell library contained the following spells:

 Spells                   Type           Power      Damage    Failure   Level
 Slow                     Hex            0%         N/A       99%         1
 Confusing Touch          Hex            0%         N/A       100%        3
 Conjure Flame            Conj/Fire      0%         6-21      100%        3
 Ignite Poison            Fire/Tmut/Pois 0%         N/A       100%        3
 Vampiric Draining        Necr           0%         2d6       100%        3
 Airstrike                Air            0%         2d(0-16)  100%        4
 Cause Fear               Hex            0%         N/A       100%        4
 Sticky Flame             Conj/Fire      0%         2d3       100%        4
 Summon Lightning Spire   Summ/Air       0%         N/A       100%        4
 Lightning Bolt           Conj/Air       0%         1d11      100%        5
 Dragon Form              Tmut           0%         N/A       100%        7
 Dragon's Call            Summ           0%         N/A       100%        9


Dungeon Overview and Level Annotations

Branches:
Dungeon (3/15)

Altars:

Shops:
D:1 ?   D:2 !


Innate Abilities, Weirdness & Mutations

You have a pair of horns on your head.
You reflexively headbutt those who attack you in melee.


Message History

The adder poisons you!
The orc wizard mumbles some strange words.
The orc wizard flickers and vanishes!
Deactivating autopickup; reactivate with Ctrl-A.
The orc wizard gestures wildly while chanting.
The orc wizard flickers and vanishes!
The adder bites you.
You miss something. Your headbutt misses something. You miss the adder.
You feel sick. Something hits you but does no damage.
The adder bites you but does no damage.
You closely miss something. Your headbutt misses something. You miss something.
You barely miss the adder.
You feel sick. The adder bites you but does no damage. Something hits you.
Something hits you but does no damage. The adder bites you but does no damage.
Something hits you but does no damage. x2
You are more poisoned.
You miss something. You closely miss the adder. You barely miss something.
You feel very sick. The adder barely misses you. You furiously retaliate!
You headbutt the adder.
Something hits you but does no damage. x2
You hit something but do no damage. Your headbutt misses something.
You closely miss the adder. You completely miss something.
You feel very sick. The adder bites you but does no damage.
Something hits you but does no damage.
You are lethally poisoned!
Something hits you.
* * * LOW HITPOINT WARNING * * *
The adder bites you.
* * * LOW HITPOINT WARNING * * *
You closely miss something. x2; You closely miss the adder.
* * * LOW HITPOINT WARNING * * *
You feel very sick. The adder bites you.
* * * LOW HITPOINT WARNING * * *
You hear some strange, mumbled words.
Something tries to affect you, but you resist.
Something hits you but does no damage.
You are more poisoned.
The adder barely misses you.
You feel very mighty all of a sudden.
You die...

#####.##
...#.##..#
#...######.#.##..#
#.............)..#
#..<########.#####
##### #.....#
#.##### ##.##
#...# #.{@# #.{S#
#...# #...# ..)..
...... ........
.###...##


You could see an adder.

Vanquished Creatures
  5 adders (D:2)
  2 worms (D:2)
  2 dart slugs (D:2)
  An orc (D:3)
  2 endoplasms
  A giant cockroach (D:2)
  A goblin (D:3)
  2 hobgoblins (D:1)
  2 jackals (D:2)
  5 kobolds
  3 quokkas
  2 ball pythons
  4 bats
  2 frilled lizards (D:2)
  3 rats
37 creatures vanquished.

Vanquished Creatures (others)
  A plant (D:1)
1 creature vanquished.

Grand Total: 38 creatures vanquished

Notes
Turn   | Place    | Note
-------+----------+-------------------------------------------
     0 | D:1      | apoch the Minotaur Fighter began the quest for the Orb.
     0 | D:1      | Reached XP level 1. HP: 19/19 MP: 0/0
   152 | D:1      | Reached skill level 3 in Axes
   321 | D:1      | Found Qaoxtiy's Magic Scroll Shop.
   470 | D:1      | Reached XP level 2. HP: 25/26 MP: 1/1
   683 | D:1      | Found a faded altar of an unknown god.
  1157 | D:2      | Reached skill level 4 in Axes
  1215 | D:2      | Reached XP level 3. HP: 31/31 MP: 2/2
  1371 | D:2      | Reached skill level 5 in Axes
  1517 | D:2      | Found Weaqe's Distillery.
  1619 | D:2      | Reached XP level 4. HP: 39/39 MP: 3/3
  2092 | D:3      | Succumbed to an orc wizard's poison

Illustrated notes

Levels and vault maps discovered:
D:1:      dpeg_chamrin_arrival_tetris, layout_basic, serial_forest,
          infiniplex_forest_clump_C, infiniplex_forest_lined_2,
          infiniplex_forest_clump_diagonal, infiniplex_forest_lined_ring,
          infiniplex_forest_clump_double, infiniplex_forest_lined_room_,
          dreamdust_ecumenical_altar_sealed_demon, serial_shops,
          nicolae_shop_waterfront, minmay_tetromino_s4
D:2:      wad_pebble_path, layout_loops_ring, serial_shops, shop,
          hangedman_decor_growths
D:3:      layout_loops_cross, serial_shops, shop, uniq_terence

Skill      XL: |  1  2  3 |
---------------+----------+-----
Axes           | 3 4 5 |  5.6
Fighting       | |  3.6
Armour         | |  3.6
Shields        | |  3.6

Action                   |  1- 3 |  4- 6 || total
-------------------------+-------+-------++-------
Melee: War axe           |    55 |    22 ||    77
       Headbutt          |     3 |     1 ||     4
Throw: Stone             |    28 |     5 ||    33
  Use: Potion            |       |     1 ||     1
Armor: Scale mail        |    28 |     3 ||    31
       Chain mail        |       |    18 ||    18
Dodge: Dodged            |    18 |     7 ||    25
Block: Buckler           |    11 |       ||    11
